 Dungeon Sprint DCSS version 0.29-a0-925-g0a7a3d12f8 (webtiles) character file.

Game seed: 7346269508929570523

8 rocky1 the Ducker (level 2, -1/25 HPs)
             Began as a Merfolk Gladiator on July 28, 2022.
             Was an Initiate of Okawaru.
             Slain by a hell hound (8 damage)
             ... in the Dungeon (Sprint V: "Ziggurat Sprint").
             The game lasted 00:03:04 (120 turns).

rocky1 the Ducker (Merfolk Gladiator)                Turns: 120, Time: 00:03:06

Health: -1/25      AC:  4    Str: 14    XL:     2   Next: 8%
Magic:  2/2        EV: 14    Int:  7    God:    Okawaru [......]
Gold:   0          SH:  0    Dex: 15    Spells: 1/1 levels left

rFire   + . .      SeeInvis .   H - +5 sword of Power {vorpal}
rCold   + . .      Faith    .   (shield currently unavailable)
rNeg    . . .      Spirit   .   b - +0 leather armour
rPois   +          Reflect  .   c - +0 helmet
rElec   +          Harm     .   (no cloak)
rCorr   +          Rampage  .   (no gloves)
Will    .....      NoTele   +   (no boots)
Stlth   +.........              (no amulet)
HPRegen 0.08/turn               (no ring)
MPRegen 0.08/turn               (no ring)

@: resistant
A: (nimble swimmer 2), mertail
a: Renounce Religion


You were in the Dungeon.
You worshipped Okawaru.
Okawaru was noncommittal.
You visited 1 branch

Inventory:

Hand Weapons
 a - a +0 long sword
 F - the +8 lance "Wyrmbane" {slay drac, rPois rF+ rC+ AC+3}
   (You found it in the Dungeon)

   It inflicts extra damage against dragons and draconians.
   AC:        It affects your AC (+3).
   rF:        It protects you from fire.
   rC:        It protects you from cold.
   rPois:     It protects you from poison.
 G - the +8 storm bow {elec, penet}
   (You found it in the Dungeon)

   Any ammunition fired from it occasionally discharges a powerful burst of
   electricity upon striking a foe.
   Any ammunition fired by it passes through the targets it hits, potentially
   hitting all targets in its path until it reaches maximum range.
 H - the +5 sword of Power (weapon) {vorpal}
   (You found it in the Dungeon)

   It inflicts extra damage upon your enemies.
   It occasionally discharges a powerful but inaccurate bolt of energy upon
   striking a foe, with increased chance the greater the wielder's current
   health.
 I - the +9 heavy crossbow "Sniper" {vorpal, Acc+∞ SInv}
   (You found it in the Dungeon)

   Any ammunition fired from it inflicts extra damage upon your enemies.
   Any ammunition fired from it never misses its target.
   SInv:      It lets you see invisible.
 M - the +8 demon blade "Leech" {vamp, Harm Drain rN+}
   (You found it in the Dungeon)

   It heals its wielder for a portion of the damage dealt every time it strikes
   a living foe.
   rN:        It protects you from negative energy.
   Drain:     It drains your maximum health when unequipped.
   Harm:      It increases damage dealt and taken.
Missiles
 d - 3 throwing nets (quivered)
 e - a javelin
Armour
 b - a +0 leather armour (worn)
 c - a +0 helmet (worn)
 J - a +5 crystal plate armour
 K - +5 gold dragon scales
 L - a +5 plate armour
Jewellery
 x - a ring of flight
 y - a +6 ring of dexterity
 z - a +6 ring of dexterity
 A - a +6 ring of intelligence
 B - a +6 ring of intelligence
 C - a +6 ring of strength
 D - a +6 ring of strength
Wands
 u - a wand of mindburst (7)
 v - a wand of iceblast (7)
 w - a wand of light (7)
Scrolls
 k - 4 scrolls of blinking
 l - 4 scrolls of amnesia
 m - 7 scrolls of butterflies
 n - 5 scrolls of identify
 o - 2 scrolls of fear
 s - a scroll of brand weapon
Potions
 f - 10 potions of curing
 g - 9 potions of heal wounds
 h - 6 potions of haste
 i - 7 potions of magic
 j - 3 potions of berserk rage
 p - 2 potions of brilliance
 q - 2 potions of invisibility
 r - 3 potions of resistance
 t - 5 potions of might
Miscellaneous
 E - a lightning rod (4/4)


   Skills:
 + Level 3.8 Fighting
 + Level 5.1 Long Blades
 + Level 3.7 Polearms
 + Level 2.2 Ranged Weapons
 + Level 2.0 Throwing
 + Level 1.9 Armour
 + Level 5.8 Dodging


You had one spell level left.
You didn't know any spells.
Your spell library was empty.

Dungeon Overview and Level Annotations

Branches:
Dungeon (1/1)

Altars:
Ashenzari
Cheibriados
Dithmenos
Elyvilon
Fedhas
Gozag
Hepliaklqana
Kikubaaqudgha
Makhleb
Nemelex Xobeh
Okawaru
Qazlal
Ru
Sif Muna
Trog
Uskayaw
Vehumet
Wu Jian
Xom
Yredelemnul
Zin
The Shining One
Jiyva
Lugonu

Annotations:
D 1 transporter


Innate Abilities, Weirdness & Mutations

((You are very nimble when in or above water. (Stealth+, EV+, Speed+++)))
Your lower body shifts to a powerful aquatic tail in water.


Message History

The ball python zombie constricts you.
Unknown command.
You slice the ball python zombie!!
You destroy the ball python zombie!
Okawaru accepts your kill.
No target in view!
s - a scroll of brand weapon You see here the +8 demon blade "Leech" {vamp, Harm Drain rN+}.
M - the +8 demon blade "Leech" {vamp, Harm Drain rN+} Really wield
M - the +8 demon blade "Leech" {vamp, Harm Drain rN+}? [Y]es or [N]o only, please.
Really wield
M - the +8 demon blade "Leech" {vamp, Harm Drain rN+}?
Okay, then.
Okay, then.
There is a transporter here.
Welcome to arena 2.
You enter the transporter and appear at another place. 2 hell hounds and a fire elemental come into view.
The hell hound barks! x2
The hell hound breathes flames at you. The blast of flame hits you!
Ouch! That really hurt!
Found three items.
Found a transporter.
You feel much better.
You feel protected. The hell hound barely misses you.
Unknown command.
You slice the hell hound!!
The hell hound is almost dead.
The hell hound bites you!
The hell hound bites you but does no damage.
The fire elemental misses you. The hell hound bites you.
Unknown command.
You hit the hell hound but do no damage.
The hell hound is almost dead.
The hell hound misses you. x2; The fire elemental hits you.
The fire elemental burns you! You resist.
* * * LOW HITPOINT WARNING * * *
The hell hound bites you!
You die...

▓▓▓▓▓▓▓▓▓▓▓▓▓
▓.8©8.▓.8©8.▓
▓.}°}.▓.....▓
▓..°..▓.....▓
▓..○..▓.....▓
▓..°..▓.....▓
▓.hhE.▓..©..▓
▓..@..▓▓▓▓▓▓▓
▓▓▓▓▓▓▓


You could see a fire elemental and 2 hell hounds.

Vanquished Creatures
  2 ball python zombies (D)
2 creatures vanquished.

Notes
Turn   | Place    | Note
-------+----------+-------------------------------------------
     0 | D        | rocky1 the Merfolk Gladiator began the quest for the Orb.
     0 | D        | Reached XP level 1. HP: 16/16 MP: 1/1
     0 | D        | Found a shimmering blue altar of Sif Muna.
     0 | D        | Found a bloodstained altar of Trog.
     0 | D        | Found a sacrificial altar of Ru.
     0 | D        | Found a stormy altar of Qazlal.
     0 | D        | Found an iron altar of Okawaru.
     2 | D        | Found a sparkling altar of Nemelex Xobeh.
     2 | D        | Found the +6 Majin-Bo {vamp, MP+6 Int+6}
     2 | D        | Found the +9 heavy crossbow "Sniper" {vorpal, Acc+∞ SInv}
     2 | D        | Found the +10 dark maul {vorpal}
     2 | D        | Found the +15 Maxwell's patent armour {-Cast -Tele rElec
                  | Will+ rCorr}
     2 | D        | Found the +18 shield of the Gong {rElec rN+ Will+ EV-5}
     2 | D        | Found the +14 obsidian axe {vorpal, Mesm Drain Fly SInv}
     2 | D        | Found the +7 great mace "Firestarter" {inner flame, rF++}
     2 | D        | Found the +6 shillelagh "Devastator" {shatter}
     2 | D        | Found the +11 plutonium sword {Contam Stlth-}
     2 | D        | Found the +8 lance "Wyrmbane" {slay drac, rPois rF+ rC+
                  | AC+3}
     2 | D        | Found the +9 sword of Zonguldrok {reap}
     2 | D        | Found the +13 scythe of Curses {drain, Drain}
     2 | D        | Found the +5 sword of Power {vorpal}
     2 | D        | Found the +7 mace of Variability {chain chaos}
     2 | D        | Found the +7 Singing Sword {vorpal, sonic wave}
     2 | D        | Found the +8 storm bow {elec, penet}
     3 | D        | Found an ancient bone altar of Kikubaaqudgha.
     3 | D        | Found a transporter.
     3 | D        | Found a corrupted altar of Lugonu.
     3 | D        | Found a viscous altar of Jiyva.
     3 | D        | Found a burning altar of Makhleb.
     3 | D        | Found a hazy altar of Hepliaklqana.
     3 | D        | Found an opulent altar of Gozag.
     4 | D        | Found a blossoming altar of Fedhas.
    85 | D        | Became a worshipper of Warmaster Okawaru
    88 | D        | Reached skill level 5 in Long Blades
    88 | D        | Reached skill level 1 in Armour
    88 | D        | Reached skill level 5 in Dodging
    88 | D        | Reached XP level 2. HP: 25/25 MP: 2/2
    99 | D        | Entered arena 2.
    99 | D        | Found the +8 demon blade "Leech" {vamp, Harm Drain rN+}
    99 | D        | Found a transporter.
   116 | D        | Entered arena 3.
   116 | D        | Noticed a hell hound
   116 | D        | Noticed a hell hound
   116 | D        | Noticed a fire elemental
   116 | D        | Found a transporter.
   120 | D        | Slain by a hell hound

Illustrated notes

Levels and vault maps discovered:
D:        sprint_v [room_start, room_1, room_2, room_3, room_4, room_5, room_6,
          room_7, room_8, room_9, room_10, room_11, room_12, room_13, room_14,
          room_15, room_16, room_17, room_18, room_19, room_20, room_21,
          room_22, room_23, room_24, room_25, room_26, room_27]

Skill      XL: |  1 |
---------------+----+-----
Fighting       | 3 |  3.8
Long Blades    | 5 |  5.1
Polearms       | 3 |  3.7
Ranged Weapons | 2 |  2.2
Armour         | 1 |  1.9
Dodging        | 5 |  5.8
Throwing       | |  2.0

Action                   || total
-------------------------++-------
Melee: Great sword       ||     5
  Use: Potion            ||     3
Armor: Leather armour    ||     4
Dodge: Dodged            ||     4

Table legend: (Time is in decaauts)
 A = Elapsed time spent in this place.
 B = Non-inter-level travel time spent in this place.
 C = Inter-level travel time spent in this place.
 D = Time resting spent in this place.
 E = Time spent auto-exploring this place.
 F = Levels seen in this place.
 G = Mean time per level.
                   A        B        C        D        E       F      G
               +--------+--------+--------+--------+--------+-----+--------+
         Total |    121 |    121 |      0 |      0 |      0 |   1 |  121.0 |
       Dungeon |    121 |    121 |      0 |      0 |      0 |   1 |  121.0 |
               +--------+--------+--------+--------+--------+-----+--------+

Top non-repeatable levels by time:
       D: 121 daAuts
